 Dungeon Crawl Stone Soup version 0.29.1-1-gd02db6906a (webtiles) character file.

Game seed: 430833446294609841

23 Orsonium the Ducker (level 3, 0/23 HPs)
             Began as a Kobold Monk on Sept 20, 2022.
             Slain by a bat (1 damage)
             ... on level 2 of the Dungeon.
             The game lasted 00:02:12 (2313 turns).

Orsonium the Ducker (Kobold Monk)                   Turns: 2313, Time: 00:02:13

Health: 0/23       AC:  2    Str: 10    XL:     3   Next: 12%
Magic:  3/3        EV: 16    Int: 11    God:
Gold:   35         SH:  0    Dex: 17    Spells: 2/2 levels left

rFire   . . .      SeeInvis .   a - +0 hand axe
rCold   . . .      Faith    .   (no shield)
rNeg    . . .      Spirit   .   b - +0 robe
rPois   .          Reflect  .   (no helmet)
rElec   .          Harm     .   (no cloak)
rCorr   .          Rampage  .   (no gloves)
Will    .....                   (no boots)
Stlth   ++++......              (no amulet)
HPRegen 0.07/turn               (no ring)
MPRegen 0.08/turn               (no ring)

@: no status effects
A: small, no large weapons, nightstalker 3
a: no special abilities


You were on level 2 of the Dungeon.
You visited 1 branch of the dungeon, and saw 2 of its levels.

You collected 35 gold pieces.

Inventory:

Hand Weapons
 a - a +0 hand axe (weapon)
 f - a +1 dagger of pain
 h - a +0 spear
Armour
 b - a +0 robe (worn)
Scrolls
 d - a scroll of noise {unknown}
 g - a scroll of identify {unknown}
Potions
 c - a potion of ambrosia
 e - 2 potions of curing {unknown}


   Skills:
 + Level 3.5 Fighting
 + Level 2.7 Axes
 + Level 3.9 Dodging
 + Level 3.3 Stealth


You had 2 spell levels left.
You didn't know any spells.
Your spell library was empty.

Dungeon Overview and Level Annotations

Branches:
Dungeon (2/15)

Altars:


Innate Abilities, Weirdness & Mutations

You are small and have problems with some larger weapons.
You are completely attuned to the shadows.


Message History

An orc comes into view. It is wielding a +0 dagger.
You see here 12 gold pieces.
You now have 35 gold pieces (gained 12).
You see here a +0 spear.
h - a +0 spear A bat comes into view.
An orc and an orc wizard come into view.
An orc comes into view.
It is wielding a +1 falchion of protection.
The helpless orc fails to defend itself.
You hit the orc.
You kill the orc!
The orc wizard shouts!
The orc shouts!
You hear a shout!
The bat closely misses you.
The orc shouts!
The bat completely misses you.
An orc comes into view. It is wielding a +1 vorpal hand axe.
You hit the orc but do no damage. The bat closely misses you.
The orc barely misses you.
The orc wizard casts a spell.
The orc wizard flickers and vanishes!
Deactivating autopickup; reactivate with Ctrl-A.
You closely miss the orc. The orc hits you with a +0 dagger.
The bat barely misses you. Something hits you.
The orc attacks as you move away! The orc hits you with a +0 dagger.
The bat hits you but does no damage. The orc attacks as you move away!
The orc hits you with a +0 dagger. The bat closely misses you.
The orc attacks as you move away! The orc hits you with a +0 dagger.
The bat hits you but does no damage. The orc misses you.
You hear some strange, mumbled words.
A magic dart appears from out of thin air!
The magic dart hits you. The bat hits you but does no damage.
Something hits you. The bat closely misses you.
The orc hits you with a +1 vorpal hand axe.
* * * LOW HITPOINT WARNING * * *
x2 The bat misses you.
The orc attacks as you move away! The orc misses you. The bat misses you.
The orc attacks as you move away! The orc barely misses you. The bat hits you.
You die...

....#### .##.....
#######. #.## ### ..#
..## #.######## #..###
#.##o....## ##...#######
#..@o.....##
###.......####..bo.....#
#######..###.........#
##.............#
#####.........#
#.>.......# ##..>...)##
........# .......#


You could see 3 orcs and a bat.

Vanquished Creatures
  A dart slug (D:1)
  An orc (D:2)
  4 endoplasms (D:1)
  A giant cockroach (D:1)
  A goblin (D:1)
  3 hobgoblins (D:1)
  A ball python (D:1)
  2 frilled lizards (D:2)
  4 kobolds (D:1)
  A rat (D:1)
19 creatures vanquished.

Notes
Turn   | Place    | Note
-------+----------+-------------------------------------------
     0 | D:1      | Orsonium the Kobold Monk began the quest for the Orb.
     0 | D:1      | Reached XP level 1. HP: 14/14 MP: 1/1
   291 | D:1      | Found a faded altar of an unknown god.
   335 | D:1      | Reached XP level 2. HP: 8/19 MP: 2/2
  2031 | D:1      | Reached XP level 3. HP: 15/23 MP: 3/3
  2311 | D:2      | HP: 1/23 [orc/+1 vorpal hand axe (1)]
  2313 | D:2      | Slain by a bat

Illustrated notes

Levels and vault maps discovered:
D:1:      dpeg_arrival_central, layout_loops_corners,
          shapermc_ecumenical_altar_venn, minmay_misc_feat_iff
D:2:      layout_rooms

Skill      XL: |  1  2 |
---------------+-------+-----
Stealth        | 3 |  3.3
Fighting       | |  3.5
Axes           | |  2.7
Dodging        | |  3.9

Action                   || total
-------------------------++-------
Melee: Hand axe          ||    71
 Stab: Sleeping          ||    10
Armor: Robe              ||     9
Dodge: Dodged            ||    63
